 Dungeon Crawl Stone Soup version 0.31-a0-728-g01b46875f1 (webtiles) character file.

Game seed: 2830760283776087017

2276 Joey1 the Cleaver (level 9, -5/74 HPs)
             Began as a Minotaur Berserker on Sept 11, 2023.
             Was a High Priest of Trog.
             Succumbed to poison (poison gas)
             ... on level 6 of the Dungeon.
             The game lasted 00:13:18 (6102 turns).

Joey1 the Cleaver (Minotaur Berserker)              Turns: 6102, Time: 00:13:19

Health: -5/74      AC:  5    Str: 27    XL:     9   Next: 16%
Magic:  8/8        EV: 12    Int:  4    God:    Trog [*****.]
Gold:   267        SH:  5    Dex:  7    Spells: 8/8 levels left

rFire   . . .        F - +3 hand axe
rCold   + . .        (no shield)
rNeg    . . .        j - +0 ring mail {rC+}
rPois   .            (helmet restricted)
rElec   .            (no cloak)
rCorr   .            (no gloves)
SInv    +            (no boots)
Will    .....        r - amulet of reflection Stlth
                     E - ring of see invisible
HPRegen 0.32/turn    (no ring)
MPRegen 0.11/turn

%: reflection
@: lethally poisoned (-5 -> -28)
A: horns 2, retaliatory headbutt, talons 1, clumsy 1, deterioration 1
a: Renounce Religion, Berserk, Trog's Hand, Brothers in Arms


You were on level 6 of the Dungeon.
You worshipped Trog.
Trog was extremely pleased with you.
You visited 1 branch of the dungeon, and saw 6 of its levels.

You collected 339 gold pieces.
You spent 72 gold pieces at shops.

Inventory:

Hand Weapons
 a - a +0 hand axe
 u - a +0 morningstar
 z - a +0 war axe
 B - a +0 spear of venom
 F - a +3 hand axe (weapon)
Missiles
 v - 2 boomerangs
 A - 2 throwing nets
Armour
 b - a +0 animal skin
 j - a +0 ring mail of cold resistance (worn)
 t - a +0 chain mail
Jewellery
 o - an amulet of guardian spirit
 r - an amulet of reflection (around neck)
 E - a ring of see invisible (left hand)
Scrolls
 d - 2 scrolls of revelation {unknown}
 e - a scroll of noise {unknown}
 f - 10 scrolls of identify {unknown}
 k - 2 scrolls of blinking {unknown}
 n - 3 scrolls of amnesia {unknown}
 p - a scroll of immolation {unknown}
 q - a scroll of enchant weapon {unknown}
 s - a scroll of torment {unknown}
 x - a scroll of teleportation {unknown}
 y - a scroll of acquirement {unknown}
 D - a scroll of silence {unknown}
 G - a scroll of enchant armour {unknown}
Potions
 c - 2 potions of enlightenment {unknown}
 g - 2 potions of heal wounds {unknown}
 h - 2 potions of attraction {unknown}
 i - 4 potions of mutation
 l - 2 potions of magic {unknown}
 m - 4 potions of curing {unknown}
 w - 2 potions of resistance
 C - 3 potions of degeneration {unknown}


   Skills:
 - Level 5.0 Fighting
 + Level 13.5 Axes
 - Level 3.0 Armour
 - Level 5.0 Dodging


You had 8 spell levels left.
You didn't know any spells.
Your spell library was empty.

Dungeon Overview and Level Annotations

Branches:
Dungeon (6/15)             Temple (0/1) D:4

Altars:
Wu Jian
The Shining One

Shops:
D:4 :   D:5 *

Annotations:
D:6 1 transporter


Innate Abilities, Weirdness & Mutations

You have a pair of horns on your head.
You reflexively headbutt those who attack you in melee.
You have sharp toenails.
You are clumsy. (Dex -2)
Your body sometimes deteriorates upon taking damage.


Message History

You slash the gnoll sergeant zombie!
You headbutt the gnoll sergeant zombie, but do no damage.
The gnoll sergeant zombie is almost destroyed.
You slash the ogre zombie!
You feel sick. You block the ogre zombie's attack.
You barely miss the gnoll sergeant zombie.
The gnoll sergeant zombie is almost destroyed.
You hit the ogre zombie.
You feel sick.
The gnoll sergeant zombie hits you with a +2 trident of venom.
You are more poisoned.
You slash the gnoll sergeant zombie!
You destroy the gnoll sergeant zombie!
Trog accepts your kill.
You slash the ogre zombie!
You feel sick.
You are too injured to fight recklessly!
You slash the ogre zombie!
You destroy the ogre zombie!
Trog accepts your kill.
You feel sick.
You start resting.
You feel sick. x6
You are no longer poisoned.
You see here a +0 giant spiked club of venom.
You see here a +2 trident of venom.
You see here a +2 trident of venom.
You are engulfed in poison gas.
You are poisoned.
You feel very sick.
There is an open gate here.
You are engulfed in poison gas.
You are lethally poisoned!
* * * LOW HITPOINT WARNING * * *
x2 You feel extremely sick.
You are engulfed in poison gas.
You are more poisoned.
* * * LOW HITPOINT WARNING * * *
x2 You feel extremely sick.
* * * LOW HITPOINT WARNING * * *
You feel extremely sick.
It was a potion of mutation.
You feel extremely strange.
You feel clumsy.
Your toenails lengthen and sharpen.
You feel yourself wasting away.
You die...

#....>................#####.###..
...........................(.....
......#######...####........###..
....#.# ########.##..######..
#####.########°○○☼○#.............
#....#○○○○°°#°○○☼°####..#####...
##.###.○☼°○☼#°☼☼○☼###...........
#...#°°#.#)○○°.$[#........##.##
#..©#°°©..)☼☼○@!©#©...###.##.##
#...#°○#.#.○○°.$[#....###......
#...#°.○°☼○#○°○☼°###...#####...
#.###○°☼☼°○#°○☼○○#........##†..
#.##########☼○○°°#.#...........
#.........########.............
####...##.########........###..
#...#####............#......
######...#...#...##.##..........)


There were no monsters in sight!

Vanquished Creatures
  Grinder (D:3)
  Sigmund (D:3)
  A wyvern (D:6)
  Eustachio (D:4)
  Edmund (D:5)
  2 ogres
  A phantom (D:4)
  3 scorpions (D:6)
  3 wights (D:6)
  A howler monkey (D:5)
  A gnoll bouda (D:5)
  5 hounds
  2 jellies (D:5)
  2 orc priests
  2 iguanas (D:6)
  4 orc wizards
  An ogre zombie (D:6)
  Robin (D:3)
  6 adders
  18 gnolls (D:5)
  A gnoll zombie (D:6)
  An ufetubus (D:5)
  2 worms
  2 dart slugs
  43 orcs
  9 ball pythons
  5 endoplasms
  3 giant cockroaches
  21 goblins
  8 hobgoblins
  14 jackals
  7 quokkas
  5 bats
  4 frilled lizards
  6 kobolds
  3 rats
191 creatures vanquished.

Notes
Turn   | Place    | Note
-------+----------+-------------------------------------------
     0 | D:1      | Joey1 the Minotaur Berserker began the quest for the Orb.
     0 | D:1      | Reached XP level 1. HP: 19/19 MP: 0/0
    79 | D:1      | Found a faded altar of an unknown god.
   249 | D:1      | Reached XP level 2. HP: 22/27 MP: 1/1
   477 | D:1      | Reached skill level 4 in Axes
   599 | D:1      | Reached ** piety under Trog
   884 | D:2      | Reached XP level 3. HP: 32/32 MP: 2/2
  1288 | D:3      | Found an ornate altar of the Wu Jian Council.
  1288 | D:3      | Found a glowing golden altar of the Shining One.
  1311 | D:3      | Noticed Grinder
  1344 | D:3      | Paralysed by Grinder for 2 turns
  1349 | D:3      | Paralysed by Grinder for 4 turns
  1353 | D:3      | Killed Grinder
  1354 | D:3      | Reached skill level 5 in Fighting
  1354 | D:3      | Reached skill level 5 in Axes
  1354 | D:3      | Reached XP level 4. HP: 29/42 MP: 3/3
  1354 | D:3      | Reached XP level 5. HP: 33/48 MP: 4/4
  1420 | D:3      | Reached XP level 6. HP: 38/56 MP: 5/5
  1439 | D:3      | Reached skill level 6 in Axes
  1775 | D:3      | Noticed Sigmund
  1784 | D:3      | Killed Sigmund
  1785 | D:3      | Reached skill level 7 in Axes
  1785 | D:3      | Reached skill level 5 in Dodging
  1830 | D:3      | Noticed Robin
  1855 | D:3      | Killed Robin
  1856 | D:3      | Reached XP level 7. HP: 50/61 MP: 6/6
  2314 | D:4      | Noticed Eustachio
  2343 | D:4      | Killed Eustachio
  2344 | D:4      | Reached skill level 8 in Axes
  2542 | D:4      | Found Poyhed's Book Shop.
  2666 | D:4      | Reached *** piety under Trog
  2831 | D:4      | Found a staircase to the Ecumenical Temple.
  3011 | D:4      | Reached skill level 9 in Axes
  3317 | D:5      | Entered Level 5 of the Dungeon
  3482 | D:5      | Found Ythri's Assorted Antiques.
  3485 | D:5      | Bought a scroll labelled SUKHOROIDU for 24 gold pieces
  3485 | D:5      | Bought a scroll labelled SUKHOROIDU for 24 gold pieces
  3485 | D:5      | Bought a scroll labelled KAJUACSAELI for 24 gold pieces
  3737 | D:5      | Noticed Edmund
  3754 | D:5      | Killed Edmund
  3755 | D:5      | Reached skill level 10 in Axes
  3755 | D:5      | Reached XP level 8. HP: 25/68 MP: 7/7
  4356 | D:5      | Reached **** piety under Trog
  4387 | D:5      | Reached skill level 11 in Axes
  5061 | D:6      | Reached skill level 12 in Axes
  5180 | D:6      | Found a transporter.
  5407 | D:6      | Found a transporter.
  5580 | D:6      | Reached XP level 9. HP: 67/74 MP: 8/8
  5635 | D:6      | Reached skill level 13 in Axes
  5975 | D:6      | Reached ***** piety under Trog
  6101 | D:6      | HP: 1/74 [poison (poison gas)]
  6102 | D:6      | Gained mutation: You are clumsy. (Dex -2) [potion of
                  | mutation]
  6102 | D:6      | Gained mutation: You have sharp toenails. [potion of
                  | mutation]
  6102 | D:6      | Gained mutation: Your body sometimes deteriorates upon
                  | taking damage. [potion of mutation]
  6102 | D:6      | Succumbed to poison (poison gas)

Illustrated notes

Levels and vault maps discovered:
D:1:      dpeg_arrival_rhombus, layout_basic,
          shapermc_ecumenical_altar_acropolis
D:2:      layout_basic
D:3:      minmay_angry_zag, layout_basic,
          chequers_temple_overflow_statue_of_worship, uniq_sigmund,
          uniq_grinder, uniq_robin
D:4:      layout_loops_corners, minmay_temple_entry_glassed_door, serial_shops,
          shop, uniq_eustachio
D:5:      lemuel_castle_with_subvaults [lemuel_castle_interior_carwin_1],
          layout_loops_ring, serial_shops, shop_statue, uniq_edmund
D:6:      gammafunk_cloud_chamber, layout_basic, minmay_ogre_servants

Skill      XL: |  1  2  3  4  5  6  7  8  9 |
---------------+----------------------------+-----
Axes           | 4 5 7 10 12 13 | 13.5
Fighting       | 4 5 |  5.0
Armour         | 3 |  3.0
Dodging        | 4 5 |  5.0

Action                     |  1- 3 |  4- 6 |  7- 9 || total
---------------------------+-------+-------+-------++-------
  Melee: Hand axe          |    77 |    64 |   390 ||   531
         Headbutt          |    17 |     9 |    55 ||    81
         Punch             |     1 |     2 |     2 ||     5
 Invoke: Berserk           |     1 |     1 |     1 ||     3
         Trog's Hand       |     1 |     1 |       ||     2
    Use: Potion            |       |       |     1 ||     1
 Armour: Animal skin       |    27 |       |       ||    27
         Ring mail         |    18 |    53 |   157 ||   228
  Dodge: Dodged            |    40 |    30 |   154 ||   224
  Block: Other             |       |       |    54 ||    54

Table legend: (Time is in decaauts)
 A = Elapsed time spent in this place.
 B = Non-inter-level travel time spent in this place.
 C = Inter-level travel time spent in this place.
 D = Time resting spent in this place.
 E = Time spent auto-exploring this place.
 F = Levels seen in this place.
 G = Mean time per level.
                   A        B        C        D        E       F      G
               +--------+--------+--------+--------+--------+-----+--------+
         Total |   6061 |   5810 |    251 |    543 |   4238 |   6 | 1010.2 |
       Dungeon |   6061 |   5810 |    251 |    543 |   4238 |   6 | 1010.2 |
               +--------+--------+--------+--------+--------+-----+--------+

Top non-repeatable levels by time:
     D:5: 1668 daAuts
     D:4: 1074 daAuts
     D:6: 1054 daAuts
     D:3: 970 daAuts
     D:1: 766 daAuts
     D:2: 527 daAuts
